 Dungeon Crawl Stone Soup version 0.30-a0-187-gd9c2deaf24 (webtiles) character file.

Game seed: 8062930238974867500

51 Sweetruy1997 the Trooper (level 3, 0/29 HPs)
             Began as a Demonspawn Chaos Knight on Oct 4, 2022.
             Was a Plaything of Xom.
             Succumbed to a kobold's poison
             ... on level 2 of the Dungeon.
             The game lasted 00:04:22 (1388 turns).

Sweetruy1997 the Trooper (Demonspawn Chaos Knight)  Turns: 1388, Time: 00:04:22

Health: 0/29       AC:  5    Str: 12    XL:     3   Next: 57%
Magic:  3/3        EV: 13    Int: 13    God:    Xom [.*....]
Gold:   98         SH:  0    Dex: 14    Spells: 2/2 levels left

rFire   . . .      SeeInvis .    a - +0 hand axe (chaos)
rCold   . . .      Faith    .    (no shield)
rNeg    . . .      Spirit   .    b - +2 leather armour
rPois   .          Reflect  .    (no helmet)
rElec   .          Harm     .    (no cloak)
rCorr   .          Rampage  .    (no gloves)
Will    .....                    (no boots)
Stlth   +.........               (no amulet)
HPRegen 0.24/turn                (no ring)
MPRegen 0.08/turn                (no ring)

@: lethally poisoned (0 -> -2), flying
A: hooves 1, repulsion field 1
a: Renounce Religion


You were on level 2 of the Dungeon.
You worshipped Xom.
You were a plaything of Xom.
You visited 1 branch of the dungeon, and saw 2 of its levels.

You collected 98 gold pieces.

Inventory:

Hand Weapons
 a - a +0 hand axe of chaos (weapon)
Armour
 b - a +2 leather armour (worn)
 e - a +2 robe of the Archmagi
Scrolls
 d - a scroll of enchant armour {unknown}
 h - a scroll of amnesia {unknown}
 i - 3 scrolls of teleportation
 j - a scroll of identify {unknown}
 k - a scroll of magic mapping {unknown}
Potions
 f - a potion of flight
Miscellaneous
 c - a piece from Xom's chessboard (3/15) (quivered)


   Skills:
 + Level 3.6 Fighting
 + Level 3.2 Axes
 - Level 2.0 Armour
 - Level 1.0 Dodging
 - Level 1.0 Stealth
 + Level 0.2 Evocations


You had 2 spell levels left.
You didn't know any spells.
Your spell library contained the following spells:

 Spells                   Type           Power      Damage    Failure   Level
 Apportation              Tloc           0%         N/A       36%         1
 Alistair's Intoxication  Tmut/Pois      0%         N/A       100%        5


Dungeon Overview and Level Annotations

Branches:
Dungeon (2/15)

Altars:

Annotations:
D:2 Jessica


Innate Abilities, Weirdness & Mutations

You have large cloven feet.
You are surrounded by a mild repulsion field. (EV +2)


Message History

There is a fountain of clear blue water here.
You barely miss the kobold. You kick the kobold.
You kill the kobold!
No target in view!
You see here 17 gold pieces.
A phantom is nearby!
You now have 98 gold pieces (gained 17).
A kobold comes into view. It is wielding a +2 dagger of venom.
There is a large open door here.
You hear Xom's avuncular chuckle.
The kobold looks momentarily different.
You make a move on Xom's chessboard...
The phantom is unaffected.
You make a move on Xom's chessboard...
The phantom easily resists.
You closely miss the phantom. The phantom barely misses you.
You closely miss the phantom. You kick the phantom, but do no damage.
The phantom hits you.
The phantom blinks!
You blink.
You hit the phantom but do no damage. You barely miss the kobold.
The kobold closely misses you. The phantom closely misses you.
You barely miss the phantom. Your kick misses the phantom.
You hit the kobold but do no damage.
The kobold seems to speed up.
The kobold hits you with a +2 dagger of venom.
You are poisoned.
The phantom barely misses you. The kobold misses you. The phantom hits you!
The phantom blinks!
You blink.
You feel very sick.
You feel very buoyant.
You fly up into the air.
You feel sick.
The phantom hits you but does no damage.
The phantom attacks as you move away!
The phantom hits you but does no damage.
You feel sick. The phantom attacks as you move away! The phantom hits you.
* * * LOW HITPOINT WARNING * * *
You feel sick. The phantom attacks as you move away! The phantom hits you.
* * * LOW HITPOINT WARNING * * *
x2 You feel sick.
You barely miss the phantom.
You die...
Xom roars with laughter!

## ##...## #.†.....# #... .##
##.....###.......####... ..##
##....................... #..#
#.........#############.. ##.#
#.........# ##. #.# ###.........#
## #.####........##########
##......#......#≈≈≈≈≈≈≈≈#
...#######...W<#@W≈K.≈≈≈# ##..#
#.......#≈≈♣♣.♣≈≈#########
###.####.......'..♣)⌠.K.K....§...
.............(.'...⌠.♣..'.#######
#########.....÷#≈≈♣.♣♣≈≈###
#......#≈≈≈..≈≈≈#
##.....#≈≈≈≈≈≈≈≈#
##....########## ######


You could see a phantom and a kobold (fast).

Vanquished Creatures
  A worm (D:2)
  2 dart slugs (D:2)
  An endoplasm (D:1)
  2 giant cockroaches
  2 hobgoblins (D:1)
  5 quokkas
  5 ball pythons
  6 bats
  3 frilled lizards (D:1)
  3 goblins (D:1)
  6 kobolds
  6 rats
42 creatures vanquished.

Notes
Turn   | Place    | Note
-------+----------+-------------------------------------------
     0 | D:1      | Sweetruy1997 the Demonspawn Chaos Knight began the quest
                  | for the Orb.
     0 | D:1      | Reached XP level 1. HP: 18/18 MP: 1/1
    32 | D:1      | XOM: silly message
   120 | D:1      | Reached skill level 1 in Dodging
   120 | D:1      | Gained mutation: You have large cloven feet. [demonic
                  | ancestry]
   120 | D:1      | Reached XP level 2. HP: 21/24 MP: 2/2
   351 | D:1      | XOM: silly message
   667 | D:1      | XOM: 5-stop teleportation journey
   806 | D:1      | Gained mutation: You are surrounded by a mild repulsion
                  | field. (EV +2) [demonic ancestry]
   806 | D:1      | Reached XP level 3. HP: 29/29 MP: 3/3
   944 | D:1      | XOM: silly message
   983 | D:2      | XOM: butterfly on damage
  1110 | D:2      | Reached skill level 1 in Stealth
  1204 | D:2      | Noticed a phantom
  1212 | D:2      | XOM: butterfly on damage
  1242 | D:2      | Noticed Jessica
  1249 | D:2      | XOM: cleaving
  1373 | D:2      | XOM: polymorph kobold -> kobold
  1387 | D:2      | HP: 1/29 [poisoned by a kobold]
  1388 | D:2      | Succumbed to a kobold's poison

Illustrated notes

Levels and vault maps discovered:
D:1:      lightli_arrival_boilingwater, layout_loops_corners,
          nicolae_hexahallways
D:2:      layout_rooms, kennysheep_generic_room_4, uniq_jessica

Skill      XL: |  1  2  3 |
---------------+----------+-----
Dodging        | 1 |  1.0
Armour         | 2 |  2.0
Axes           | 3 |  3.2
Stealth        | 1 |  1.0
Fighting       | |  3.6
Evocations     | |  0.2

Action                   || total
-------------------------++-------
Melee: Hand axe          ||   102
       Kick              ||    21
Evoke: Piece from Xom's  ||    14
  Use: Potion            ||     3
       Scroll            ||     1
 Stab: Sleeping          ||     2
       Petrified         ||     7
Armor: Leather armour    ||    25
Dodge: Dodged            ||    59

Table legend: (Time is in decaauts)
 A = Elapsed time spent in this place.
 B = Non-inter-level travel time spent in this place.
 C = Inter-level travel time spent in this place.
 D = Time resting spent in this place.
 E = Time spent auto-exploring this place.
 F = Levels seen in this place.
 G = Mean time per level.
                   A        B        C        D        E       F      G
               +--------+--------+--------+--------+--------+-----+--------+
         Total |   1409 |   1377 |     32 |      3 |   1023 |   2 |  704.5 |
       Dungeon |   1409 |   1377 |     32 |      3 |   1023 |   2 |  704.5 |
               +--------+--------+--------+--------+--------+-----+--------+

Top non-repeatable levels by time:
     D:1: 1031 daAuts
     D:2: 377 daAuts
